[Event "Titled Tuesday Blitz April 11 Late 2023"]
[White "Manelyuk, Daniil"]
[Black "Rustemov, Alexander"]
[WhiteFideId "44173920"]
[BlackFideId "4119002"]
[WhiteElo "2259"]
[BlackElo "2525"]
[Result "1-0"]
[Round "03"]
[TimeControl "180+2"]
[Date "2023.04.11"]
[WhiteClock "0:00:49"]
[BlackClock "0:00:45"]

1. e4 e6 2. d4 d5 3. Nd2 dxe4 4. Nxe4 Bd7 5. Nf3 Bc6 6. Bd3 Nd7 7. O-O Ngf6 8. Qe2 Nxe4 9. Bxe4 Bxe4 10. Qxe4 c6 11. c4 Be7 12. b3 O-O 13. Bb2 Re8 14. Rad1 Qa5 15. Qc2 Rad8 16. a3 Nf8 17. Bc3 Qh5 18. b4 Ng6 19. Qe4 Bf6 20. Rd3 Re7 21. g4 Qh3 22. g5 Bxg5 23. Nxg5 Qh5 24. Bd2 Red7 25. Rh3 Rxd4 26. Qxd4 Rxd4 27. Rxh5 Rxd2 28. Nf3 Rd3 29. Ne5 Rxa3 30. Nxg6 hxg6 31. Re5 Kf8 32. Rd1 Ke7 33. Ra5 Rb3 34. b5 Kf6 35. Rxa7 cxb5 36. Rxb7 b4 37. Rc1 Rb2 38. c5 b3 39. Rb5 Rc2 40. Rb1 Ke5 41. R1xb3 Kd5 42. Rd3+ Kc6 43. Ra5 f5 44. Rd6+ Kc7 45. Rxe6 g5 46. Rg6 g4 47. Rxg7+ Kc6 48. Rg6+ Kd5 49. c6+ Ke4 50. Re6+ Kf3 51. Re3+ Kf4 52. Ree5 Rxc6 53. Rxf5+ Ke4 54. Rae5+ Kd4 55. Re3 Rg6 56. Kg2 Rg8 57. Kg3 Rg7 58. Rf4+ Kd5 59. Rxg4 Rh7 60. h4 Rh8 61. Rg5+ Kd4 62. h5 Rh7 63. Kg4 Rh8 64. Rg6 Rh7 65. h6 Rh8 66. Kg5 Rh7 67. Rg7 Rh8 68. h7 Kd5 69. Kg6 Kd4 70. Rg8 1-0


[Site "https://www.chess.com"]

[Event "Titled Tuesday Blitz April 11 Late 2023"]
[White "Vakhlamov, Igor L."]
[Black "Leiva, Gianmarco"]
[WhiteFideId "24126748"]
[BlackFideId "3804399"]
[WhiteElo "2400"]
[BlackElo "2345"]
[Result "1-0"]
[Round "03"]
[TimeControl "180+2"]
[Date "2023.04.11"]
[WhiteClock "0:00:07"]
[BlackClock "0:00:01"]

1. e4 c5 2. Nf3 d6 3. Nc3 Nf6 4. d4 cxd4 5. Qxd4 Bd7 6. Bc4 Nc6 7. Qd3 e6 8. Bg5 h6 9. Bxf6 Qxf6 10. O-O-O a6 11. Bb3 g5 12. Kb1 O-O-O 13. h3 Kb8 14. Rhe1 Ne5 15. Nxe5 Qxe5 16. Ba4 b5 17. Bb3 Bc6 18. Ne2 Bg7 19. Nd4 Bb7 20. c3 Rhe8 21. Qe3 Re7 22. Nf3 Qf4 23. Qe2 Red7 24. a4 bxa4 25. Bxa4 Rc7 26. Nd4 d5 27. e5 Rdc8 28. Bc2 g4 29. g3 Qg5 30. h4 Qh5 31. Bd3 Ka7 32. Kc2 Bf8 33. Ra1 Rc4 34. Bxc4 dxc4 35. Ra4 Bd5 36. Rea1 Qg6+ 37. Kc1 Bc5 38. Rxa6+ Kb7 39. Nb5 Qd3 40. Qxd3 cxd3 41. Nd6+ Bxd6 42. Rxd6 Rc4 43. Kd2 Re4 44. Kxd3 Rxe5 45. Rd7+ Kc6 46. Rxf7 h5 47. Rf4 1-0


[Site "https://www.chess.com"]

[Event "Titled Tuesday Blitz April 11 Late 2023"]
[White "Mendez Fortes, Eduardo Jesus"]
[Black "Hansen, Eric"]
[WhiteFideId "3502376"]
[BlackFideId "2606771"]
[WhiteElo "2307"]
[BlackElo "2561"]
[Result "0-1"]
[Round "03"]
[TimeControl "180+2"]
[Date "2023.04.11"]
[WhiteClock "0:00:16"]
[BlackClock "0:00:11"]

1. e4 c5 2. Nf3 e6 3. d4 cxd4 4. Nxd4 a6 5. c4 Nf6 6. Nc3 Qc7 7. Be2 Bb4 8. Qd3 Nc6 9. O-O O-O 10. Nf3 b6 11. Bg5 Ng4 12. a3 Bc5 13. Qd2 Nd4 14. Bf4 Nxe2+ 15. Nxe2 Qb7 16. b4 Be7 17. Ng3 Nf6 18. Rfe1 d5 19. cxd5 exd5 20. e5 Ne4 21. Qd4 Nxg3 22. Bxg3 a5 23. Bh4 Bxh4 24. Qxh4 Bf5 25. Nd4 Be4 26. f3 Bg6 27. Qf2 Rac8 28. Rac1 Rc4 29. Nb5 Qc6 30. Rxc4 dxc4 31. Nc3 axb4 32. axb4 Rd8 33. Rd1 Rd3 34. Rxd3 cxd3 35. Qd4 h5 36. b5 Qa8 37. Ne4 Bxe4 38. fxe4 Qa5 39. Kf2 Qd2+ 40. Kf3 Qe2+ 41. Kf4 d2 42. Qc3 Qg4+ 43. Ke3 d1=Q 0-1


[Site "https://www.chess.com"]

[Event "Titled Tuesday Blitz April 11 Late 2023"]
[White "Holt, Conrad"]
[Black "Lenaerts, Lennert"]
[WhiteFideId "2034387"]
[BlackFideId "211435"]
[WhiteElo "2592"]
[BlackElo "2334"]
[Result "1-0"]
[Round "03"]
[TimeControl "180+2"]
[Date "2023.04.11"]
[WhiteClock "0:00:31"]
[BlackClock "0:00:12"]

1. d4 d5 2. c4 c6 3. Nc3 Nf6 4. e3 Bf5 5. Qb3 Qb6 6. Qxb6 axb6 7. cxd5 Nxd5 8. Nxd5 cxd5 9. Bd2 Nc6 10. Bb5 Bd7 11. Nf3 e6 12. Ke2 Bd6 13. Rhc1 Ke7 14. Rc3 Rhc8 15. Kd1 f6 16. Rb3 Bc7 17. Bb4+ Nxb4 18. Bxd7 Kxd7 19. Rxb4 Bd8 20. a3 Rc6 21. Ne1 Rac8 22. Nd3 Rc4 23. Rb5 g5 24. a4 Ra8 25. a5 Kc8 26. Ra3 Rxa5 27. Raxa5 bxa5 28. Nc5 e5 29. dxe5 fxe5 30. Nxb7 Bc7 31. Nxa5 Rh4 32. h3 g4 33. hxg4 Rxg4 34. g3 Ra4 35. Nb3 d4 36. exd4 exd4 37. Ke2 Rc4 38. Kd3 Rc6 39. Nxd4 Rf6 40. Rf5 Rd6 41. Rf8+ Kd7 42. Rf7+ Kd8 43. Rxh7 Bb6 44. Rh4 Rf6 45. Rf4 1-0


[Site "https://www.chess.com"]

[Event "Titled Tuesday Blitz April 11 Late 2023"]
[White "Mendonca, Leon Luke"]
[Black "Martin Carmona, Gaston Manuel"]
[WhiteFideId "35028561"]
[BlackFideId "22284567"]
[WhiteElo "2464"]
[BlackElo "2245"]
[Result "1-0"]
[Round "03"]
[TimeControl "180+2"]
[Date "2023.04.11"]
[WhiteClock "0:00:25"]
[BlackClock "0:00:57"]

1. e4 c5 2. Nf3 d6 3. Bb5+ Bd7 4. Bxd7+ Nxd7 5. c4 Ngf6 6. Nc3 g6 7. d4 cxd4 8. Nxd4 Rc8 9. b3 Bg7 10. Be3 O-O 11. O-O Qa5 12. Rc1 Rfe8 13. f3 Qh5 14. Qd2 Qh4 15. Bf2 Qh5 16. Be3 Qh4 17. Rfd1 Nh5 18. Nde2 Nc5 19. Bf2 Qf6 20. Nd5 Qe6 21. b4 Na4 22. Rc2 Qd7 23. Bh4 e6 24. Ne3 h6 25. Bf2 g5 26. Qxd6 Qxd6 27. Rxd6 Be5 28. Rdd2 Red8 29. c5 Rxd2 30. Rxd2 Nf4 31. Nc4 Nxe2+ 32. Rxe2 Bc3 33. Be1 Bd4+ 34. Bf2 Nc3 35. Rd2 e5 36. Bxd4 exd4 37. Kf2 Kf8 38. Rxd4 Nxa2 39. Nd6 Rc7 40. Nb5 Rc6 41. Nxa7 Ra6 42. Nb5 Nc1 43. Nd6 Ra2+ 44. Kf1 Ne2 45. Rd1 Nf4 46. g3 Nh3 47. Nxb7 Rxh2 48. c6 Rc2 49. Nc5 g4 50. c7 1-0


[Site "https://www.chess.com"]

[Event "Titled Tuesday Blitz April 11 Late 2023"]
[White "Baskakov, Egor"]
[Black "Mortazavi, Ali"]
[WhiteFideId "24197866"]
[BlackFideId "401323"]
[WhiteElo "2212"]
[BlackElo "2339"]
[Result "0-1"]
[Round "03"]
[TimeControl "180+2"]
[Date "2023.04.11"]
[WhiteClock "0:00:29"]
[BlackClock "0:00:12"]

1. e4 c6 2. d4 d5 3. e5 Bf5 4. Ne2 e6 5. Ng3 Bg6 6. h4 h6 7. h5 Bh7 8. Bd3 Bxd3 9. cxd3 Qb6 10. Be3 Qxb2 11. Nd2 Qa3 12. O-O Qxd3 13. Rb1 b6 14. Rb3 Qh7 15. Qg4 Ne7 16. f4 Nf5 17. Nxf5 Qxf5 18. Qf3 Nd7 19. g4 Qc2 20. f5 O-O-O 21. Rbb1 Kb7 22. Rfc1 Qa4 23. Nb3 Ba3 24. Rc3 g6 25. fxe6 fxe6 26. hxg6 Rhf8 27. Qh3 Rg8 28. g5 Rxg6 29. Bd2 Rdg8 30. Qd3 Nxe5 31. dxe5 Rxg5+ 32. Bxg5 Rxg5+ 33. Kf1 Qh4 34. Na5+ Ka8 35. Qh3 Rf5+ 36. Ke2 Qe4+ 37. Qe3 Qg2+ 38. Kd3 Rf3 39. Re1 Qg6+ 40. Kd2 Rxe3 41. Rexe3 Bb4 42. Nxc6 Qg2+ 43. Kd3 Bxc3 44. Kxc3 Qxa2 45. Nd8 d4+ 46. Kxd4 Qd5+ 47. Kc3 Qxd8 0-1


[Site "https://www.chess.com"]

[Event "Titled Tuesday Blitz April 11 Late 2023"]
[White "Chos, Alexey"]
[Black "Bolourchifard, Farzad"]
[WhiteFideId "14117762"]
[BlackFideId "12510084"]
[WhiteElo "2234"]
[BlackElo "2317"]
[Result "1-0"]
[Round "03"]
[TimeControl "180+2"]
[Date "2023.04.11"]
[WhiteClock "0:01:23"]
[BlackClock "0:00:20"]

1. Nf3 d5 2. g3 Nf6 3. Bg2 Bf5 4. O-O e6 5. d4 h6 6. c4 c6 7. Nc3 Nbd7 8. Nd2 Bb4 9. Qb3 Bxc3 10. bxc3 Qb6 11. Qa3 Qd8 12. f3 Qe7 13. Qxe7+ Kxe7 14. Ba3+ Kd8 15. e4 Bg6 16. Rab1 b6 17. cxd5 cxd5 18. c4 dxe4 19. fxe4 e5 20. Rbd1 Kc7 21. Nb3 Rhe8 22. Rfe1 Rad8 23. d5 Kb7 24. c5 Nxc5 25. Bxc5 bxc5 26. Nxc5+ Ka8 27. Na6 Rc8 28. d6 Red8 29. Nc7+ Kb7 30. Bf1 Rxc7 31. Rb1+ Kc6 32. dxc7 Kxc7 33. Rec1+ Kd7 34. Rd1+ Ke7 35. Rb7+ Rd7 36. Rdxd7+ Nxd7 37. Bb5 Bxe4 38. Rxd7+ Ke6 39. Rxa7 Bd5 40. a4 f5 41. a5 e4 42. a6 Ke5 43. Rxg7 e3 44. a7 Ke4 45. Re7+ Kf3 46. Rd7 Be4 47. Rd8 e2 48. Bxe2+ Kxe2 49. a8=Q Bxa8 50. Rxa8 Kf3 51. Rh8 Kg4 52. Rxh6 f4 53. Rh4+ Kf3 54. Rxf4+ Ke3 1-0


[Site "https://www.chess.com"]

[Event "Titled Tuesday Blitz April 11 Late 2023"]
[White "Mammadov, Zaur"]
[Black "Balog, Imre"]
[WhiteFideId "13401033"]
[BlackFideId "728446"]
[WhiteElo "2441"]
[BlackElo "2570"]
[Result "0-1"]
[Round "03"]
[TimeControl "180+2"]
[Date "2023.04.11"]
[WhiteClock "0:01:21"]
[BlackClock "0:01:59"]

1. e4 c5 2. c3 Nf6 3. e5 Nd5 4. Nf3 Nc6 5. d4 cxd4 6. cxd4 d6 7. Bc4 Nb6 8. Bb3 dxe5 9. d5 Na5 10. Nc3 Nxb3 11. Qxb3 f6 12. O-O g6 13. Be3 Bg7 14. a4 O-O 15. a5 Nd7 16. Rac1 Kh8 17. Rfd1 b6 18. d6 exd6 19. Rxd6 Qe7 20. Rcd1 Nc5 21. Qa3 Nb7 22. axb6 Nxd6 23. Rxd6 axb6 24. Qxa8 Qxd6 25. Qa7 Bg4 26. h3 Bxf3 27. gxf3 Qc6 28. Kg2 b5 29. Qa3 Rb8 30. Qb4 Bf8 31. Qh4 b4 32. Ne4 Be7 33. Qg3 Qe6 34. h4 Rc8 35. h5 f5 36. Ng5 Bxg5 37. Bxg5 f4 38. Qh4 Rf8 39. Bh6 Qf6 40. Bg5 Qf5 41. Bh6 Re8 42. Bg5 gxh5 43. Kf1 Qg6 44. Be7 Qd3+ 45. Kg2 Qg6+ 46. Kf1 b3 47. Ke2 Qc2+ 48. Kf1 Qb1+ 49. Ke2 Qg6 50. Kf1 Kg8 51. Ba3 Qd3+ 52. Kg2 Qg6+ 53. Kf1 Kf7 54. Qh3 Qb1+ 55. Ke2 Qc2+ 56. Kf1 Qd1+ 57. Kg2 Rg8+ 0-1


[Site "https://www.chess.com"]

[Event "Titled Tuesday Blitz April 11 Late 2023"]
[White "De La Colina, Nicolas"]
[Black "Sargsyan, Shant"]
[WhiteFideId "30946921"]
[BlackFideId "13306766"]
[WhiteElo "2046"]
[BlackElo "2628"]
[Result "1-0"]
[Round "03"]
[TimeControl "180+2"]
[Date "2023.04.11"]
[WhiteClock "0:00:27"]
[BlackClock "0:00:25"]

1. e4 b6 2. d4 Bb7 3. Nc3 e6 4. Bd3 Bb4 5. Ne2 Nf6 6. O-O O-O 7. a3 Bxc3 8. Nxc3 d6 9. Bg5 h6 10. Bh4 Nbd7 11. Re1 e5 12. Bf1 Re8 13. dxe5 Nxe5 14. Bg3 Ng6 15. f3 Nh5 16. Bf2 Nhf4 17. Kh1 Qg5 18. Qd2 Qh5 19. Bg3 Ne6 20. Rad1 Rad8 21. Bb5 c6 22. Bc4 Ne5 23. Be2 c5 24. f4 Ng4 25. h3 f5 26. Kg1 Nd4 27. hxg4 fxg4 28. Bc4+ Kh8 29. Bd5 Bxd5 30. Nxd5 Qf7 31. c3 Ne6 32. f5 Ng5 33. Qd3 Nh7 34. Nf4 Nf8 35. Bh4 Rd7 36. Qd5 g5 37. Qxf7 Rxf7 38. Ng6+ Nxg6 39. fxg6 Rd7 40. Bg3 Re6 41. Rd5 Kg7 42. e5 h5 43. exd6 Rxe1+ 44. Bxe1 Kxg6 45. Bd2 Kf6 46. Bxg5+ Ke6 47. c4 Rxd6 48. Rxd6+ Kxd6 49. Bf4+ Ke6 50. Kf2 Kf5 51. Ke3 h4 52. Bb8 h3 53. gxh3 gxh3 54. Kf3 a6 55. a4 Ke6 56. Bc7 b5 57. cxb5 axb5 58. axb5 Kd5 59. b6 Kc6 60. Kg3 h2 61. Kxh2 c4 62. Kg2 Kb7 63. Kf2 c3 64. bxc3 1-0


[Site "https://www.chess.com"]

[Event "Titled Tuesday Blitz April 11 Late 2023"]
[White "Durarbayli, Vasif"]
[Black "Levitskiy, Andrey"]
[WhiteFideId "13402935"]
[BlackFideId "14132885"]
[WhiteElo "2551"]
[BlackElo "2341"]
[Result "1-0"]
[Round "03"]
[TimeControl "180+2"]
[Date "2023.04.11"]
[WhiteClock "0:01:10"]
[BlackClock "0:00:01"]

1. e4 e6 2. d4 d5 3. e5 c5 4. c3 Qb6 5. Nf3 Nc6 6. Be2 cxd4 7. cxd4 Bd7 8. O-O Nge7 9. Na3 Nf5 10. Nc2 Nb4 11. Nxb4 Bxb4 12. a3 Be7 13. Kh1 Rc8 14. g4 Nh4 15. Nxh4 Bxh4 16. g5 h6 17. gxh6 g6 18. Be3 Bb5 19. Bxb5+ Qxb5 20. Qg4 Be7 21. b4 O-O 22. h4 Kh7 23. Bg5 Rc7 24. Rfc1 Rfc8 25. Rxc7 Rxc7 26. Qf3 Bf8 27. Kg2 Qe8 28. Qf4 Rc4 29. Rd1 b5 30. Rd3 a6 31. Rf3 Rc7 32. h5 gxh5 33. Qe3 Be7 34. Qd3+ Kh8 35. Rf6 Qg8 36. Qg3 Bxf6 37. Bxf6+ Kh7 38. Bg7 f5 39. exf6 Rxg7 40. Qxg7+ Qxg7+ 41. hxg7 Kg8 42. f4 Kf7 43. Kh3 Kxf6 44. g8=Q 1-0


[Site "https://www.chess.com"]

[Event "Titled Tuesday Blitz April 11 Late 2023"]
[White "Grigorjev, Iljya"]
[Black "Filgueira, Hernan"]
[WhiteFideId "24159565"]
[BlackFideId "101770"]
[WhiteElo "2323"]
[BlackElo "2363"]
[Result "1/2-1/2"]
[Round "03"]
[TimeControl "180+2"]
[Date "2023.04.11"]
[WhiteClock "0:00:09"]
[BlackClock "0:00:39"]

1. d4 d5 2. c4 e6 3. Nf3 Nf6 4. g3 Bb4+ 5. Bd2 Be7 6. Bg2 O-O 7. Qc2 Ne4 8. O-O c6 9. Nc3 f5 10. Bf4 Nd7 11. Ne5 Qe8 12. f3 Nxc3 13. bxc3 Nxe5 14. Bxe5 Bd7 15. Rab1 b5 16. c5 Qg6 17. e4 fxe4 18. fxe4 Rxf1+ 19. Rxf1 Rf8 20. Rxf8+ Bxf8 21. Qe2 Be8 22. h4 Qh5 23. Bf3 Qh6 24. Bf4 Qg6 25. Kh2 h5 26. Bg5 Bf7 27. Qe3 Qh7 28. Qf4 Bg6 29. exd5 exd5 30. Qc7 Be4 31. Be2 Qf5 32. Qf4 Qg6 33. Kg1 Bd3 34. Bf3 Bc4 35. a3 Qb1+ 36. Kf2 Qc2+ 37. Qd2 Qb1 38. Be2 Bxe2 39. Qxe2 Qf5+ 40. Kg2 Qf7 41. Qf3 Qxf3+ 42. Kxf3 Kf7 43. g4 hxg4+ 44. Kxg4 g6 45. Kf4 Bg7 46. Kg4 a5 47. Bd8 b4 48. cxb4 axb4 49. axb4 Bxd4 50. h5 gxh5+ 51. Kxh5 Ke8 52. Ba5 Kd7 53. Kg4 Be5 54. Kf3 Bc3 55. Ke2 Be5 56. Kd3 Bf6 57. Bb6 Be5 58. Ba5 Bf4 59. Bb6 Bg3 60. Kd4 Be1 61. b5 cxb5 62. Kxd5 Kc8 63. c6 b4 64. Kc4 Bc3 65. Kb3 Be1 66. Bc5 Kc7 67. Bxb4 Bxb4 68. Kxb4 Kxc6 1/2-1/2


[Site "https://www.chess.com"]

[Event "Titled Tuesday Blitz April 11 Late 2023"]
[White "Keymer, Vincent"]
[Black "Vlassov, Nikolai"]
[WhiteFideId "12940690"]
[BlackFideId "4103360"]
[WhiteElo "2651"]
[BlackElo "2324"]
[Result "1-0"]
[Round "03"]
[TimeControl "180+2"]
[Date "2023.04.11"]
[WhiteClock "0:00:01"]
[BlackClock "0:00:01"]

1. a3 e5 2. c4 f5 3. b4 Nf6 4. Bb2 d6 5. g3 h6 6. Bg2 g5 7. h4 g4 8. d4 e4 9. e3 d5 10. Ne2 c6 11. Nf4 Bd6 12. c5 Bxf4 13. exf4 O-O 14. Nc3 Re8 15. O-O Nbd7 16. a4 Nf8 17. b5 Ng6 18. Bc1 Nh5 19. Ne2 a6 20. bxc6 bxc6 21. a5 Rb8 22. Be3 Re7 23. Qc2 Reb7 24. Rfb1 Rxb1+ 25. Rxb1 Rxb1+ 26. Qxb1 Qxa5 27. Qb8 Qd8 28. Bf1 Kf7 29. Nc3 Ke8 30. Na4 Nf6 31. Bd2 Be6 32. Qb6 Bd7 33. Ba5 Qe7 34. Qb8+ Kf7 35. Bd2 Nf8 36. Bxa6 Ne6 37. Be3 Qd8 38. Qa7 Kg6 39. Qb6 Qe8 40. Nc3 Ng8 41. Na2 Ne7 42. Nb4 Bc8 43. Be2 Bd7 44. Qb7 Qc8 45. Qxc8 Bxc8 46. Kf1 Kf7 47. Ke1 Ke8 48. Kd2 Kd7 49. Kc3 Kc7 50. Nc2 Nd8 51. Na1 Bb7 52. Bd2 Kb8 53. Nb3 Ka7 54. Kb2 Ba6 55. Ba5 Bxe2 56. Bxd8 Ng8 57. h5 1-0


[Site "https://www.chess.com"]

[Event "Titled Tuesday Blitz April 11 Late 2023"]
[White "Kovalev, Vladislav"]
[Black "Perske, Thore"]
[WhiteFideId "13504398"]
[BlackFideId "12902195"]
[WhiteElo "2555"]
[BlackElo "2336"]
[Result "1-0"]
[Round "03"]
[TimeControl "180+2"]
[Date "2023.04.11"]
[WhiteClock "0:00:18"]
[BlackClock "0:00:28"]

1. e4 e6 2. d4 d5 3. exd5 exd5 4. Nf3 Nc6 5. Bd3 Bd6 6. O-O Nge7 7. c3 Bg4 8. Re1 Qd7 9. b4 O-O 10. h3 Bf5 11. Ne5 Bxe5 12. dxe5 Bxd3 13. Qxd3 Nd8 14. Nd2 c6 15. f4 Qf5 16. Qxf5 Nxf5 17. g4 Ne7 18. f5 g6 19. Nf3 gxf5 20. Bg5 Re8 21. Bxe7 Rxe7 22. gxf5 b6 23. Kf2 Kh8 24. Rg1 Nb7 25. f6 Rd7 26. Rg7 Rg8 27. Rag1 Rxg7 28. Rxg7 Nd8 29. Ng5 h6 30. e6 Rd6 31. e7 Rxf6+ 32. Kg3 Kxg7 33. Nf3 1-0


[Site "https://www.chess.com"]

[Event "Titled Tuesday Blitz April 11 Late 2023"]
[White "Coenen, Michael"]
[Black "Lobanov, Sergei"]
[WhiteFideId "4697367"]
[BlackFideId "24183750"]
[WhiteElo "2328"]
[BlackElo "2489"]
[Result "0-1"]
[Round "03"]
[TimeControl "180+2"]
[Date "2023.04.11"]
[WhiteClock "0:00:08"]
[BlackClock "0:00:06"]

1. Nf3 d5 2. e3 Nf6 3. c4 e6 4. b3 b6 5. Bb2 Bb7 6. Nc3 Nbd7 7. d4 Bd6 8. Bd3 O-O 9. O-O a6 10. cxd5 exd5 11. Rc1 Ne4 12. Bb1 Re8 13. Ne2 Qf6 14. Ng3 Re7 15. Nd2 Nxd2 16. Qxd2 g6 17. Rce1 Rae8 18. Qc1 h5 19. Ne2 Qg5 20. Kh1 Nf6 21. Ng1 Ne4 22. Nf3 Qf6 23. Kg1 h4 24. h3 Bc8 25. Ne5 c5 26. Bd3 Bxe5 27. dxe5 Qg5 28. Kh1 Qh5 29. Qd1 Qxd1 30. Rxd1 Bb7 31. Bxe4 dxe4 32. Rd6 Re6 33. Rfd1 g5 34. Kg1 Kh7 35. Rd7 R8e7 36. R1d6 b5 37. Kf1 Kg8 38. Ke2 Rxd7 39. Rxd7 Bc6 40. Rc7 b4 41. Kd2 Kf8 42. Kc2 Ke8 43. Ra7 Bb5 44. Ra8+ Kd7 45. Rg8 Rg6 46. Rxg6 fxg6 47. g3 Bf1 48. gxh4 gxh4 49. Kd2 Ke6 50. Ke1 Bxh3 51. a3 a5 52. axb4 axb4 53. f4 exf3 54. Kf2 Bg2 55. e4 g5 56. Bc1 g4 57. Bg5 g3+ 58. Ke3 f2 0-1


[Site "https://www.chess.com"]

[Event "Titled Tuesday Blitz April 11 Late 2023"]
[White "Sreyas Payyappat"]
[Black "Milikow, Yoav"]
[WhiteFideId "46674969"]
[BlackFideId "2822237"]
[WhiteElo "2083"]
[BlackElo "2410"]
[Result "0-1"]
[Round "03"]
[TimeControl "180+2"]
[Date "2023.04.11"]
[WhiteClock "0:00:21"]
[BlackClock "0:00:08"]

1. e4 e5 2. Nf3 Nc6 3. Bc4 Nf6 4. d4 exd4 5. e5 d5 6. Bb5 Ne4 7. Nxd4 Bc5 8. Be3 O-O 9. Bxc6 bxc6 10. Nxc6 Bxe3 11. Nxd8 Bxf2+ 12. Kf1 Ba6+ 13. Qd3 Bxd3+ 14. cxd3 Bd4 15. Nc3 Nxc3 16. bxc3 Bxe5 17. Nc6 Bxc3 18. Rc1 Bf6 19. Kf2 a5 20. Rc5 Ra6 21. Rhc1 d4 22. Rxa5 Rxa5 23. Nxa5 Ra8 24. Nb3 Rxa2+ 25. Kf3 Be5 26. Ke4 f6 27. Nxd4 Ra4 28. Rc4 Rxc4 29. dxc4 Bxd4 30. Kxd4 Kf7 31. Kd5 Ke7 32. Kc6 Kd8 33. g4 g6 34. h3 Kc8 35. h4 Kd8 36. h5 Kc8 37. hxg6 hxg6 38. c5 Kd8 39. Kd5 Kd7 40. c6+ Ke7 41. Kc5 Ke6 42. Kc4 Kd6 43. Kb5 Kd5 44. Kb4 Kxc6 45. Kc4 Kd6 0-1


[Site "https://www.chess.com"]

[Event "Titled Tuesday Blitz April 11 Late 2023"]
[White "Schmakel, Sam"]
[Black "Thomas, Anysia"]
[WhiteFideId "2039311"]
[BlackFideId "670472"]
[WhiteElo "2356"]
[BlackElo "2091"]
[Result "1-0"]
[Round "03"]
[TimeControl "180+2"]
[Date "2023.04.11"]
[WhiteClock "0:00:09"]
[BlackClock "0:00:01"]

1. Nf3 g6 2. g3 Bg7 3. Bg2 c5 4. c3 Nc6 5. d4 cxd4 6. cxd4 d5 7. O-O Nf6 8. Nc3 O-O 9. Bf4 Bf5 10. Qb3 b6 11. Rfc1 Na5 12. Qd1 Rc8 13. Ne5 Nc4 14. Nxc4 dxc4 15. Bb7 Nh5 16. Bxc8 Qxc8 17. Be5 f6 18. Bf4 Nxf4 19. gxf4 Bh3 20. e3 e5 21. Qf3 Bg4 22. Qg3 exf4 23. Qxf4 g5 24. Qg3 h5 25. b3 h4 26. Qg2 Bh3 27. Qd5+ Kh7 28. bxc4 Rd8 29. Qf3 Bg4 30. Qg2 Bh3 31. Qf3 Bg4 32. Qh1 Bh3 33. f3 Qxc4 34. Kf2 f5 35. Ne2 Qd3 36. Qd1 Qa3 37. Rc3 Qd6 38. Kg1 Rd7 39. Qd3 Kh6 40. Rac1 Qd5 41. Rc6+ Kh7 42. Kf2 Rd6 43. Rxd6 Qxd6 44. Kg1 Qd5 45. e4 Qxa2 46. exf5 Qb2 47. f6+ Kh6 48. fxg7 1-0


[Site "https://www.chess.com"]

[Event "Titled Tuesday Blitz April 11 Late 2023"]
[White "Lazavik, Denis"]
[Black "Ezat, Mohamed"]
[WhiteFideId "13515110"]
[BlackFideId "10600906"]
[WhiteElo "2560"]
[BlackElo "2386"]
[Result "1-0"]
[Round "03"]
[TimeControl "180+2"]
[Date "2023.04.11"]
[WhiteClock "0:02:40"]
[BlackClock "0:02:26"]

1. d4 Nf6 2. c4 g6 3. g3 Bg7 4. Bg2 O-O 5. Nc3 d6 6. Nf3 Nc6 7. O-O Bg4 8. d5 Na5 9. Nd2 c5 10. h3 Bd7 11. Qc2 a6 12. b3 b5 13. Bb2 Rb8 14. Rab1 e5 15. dxe6 Bxe6 16. Nd5 Nc6 17. Nxf6+ Bxf6 18. Bxc6 Bxb2 19. Qxb2 Bxh3 20. Rfd1 Qe7 21. Ne4 f5 22. Bd5+ Rf7 23. Bxf7+ Kxf7 24. Nxd6+ Kg8 25. Rd5 Rd8 26. Rbd1 Rf8 27. Qe5 1-0


[Site "https://www.chess.com"]

[Event "Titled Tuesday Blitz April 11 Late 2023"]
[White "Sarana, Alexey"]
[Black "Torres Dominguez, David"]
[WhiteFideId "24133795"]
[BlackFideId "2220857"]
[WhiteElo "2714"]
[BlackElo "1999"]
[Result "1-0"]
[Round "03"]
[TimeControl "180+2"]
[Date "2023.04.11"]
[WhiteClock "0:01:26"]
[BlackClock "0:00:31"]

1. c4 e5 2. Nf3 Nc6 3. g3 f5 4. Bg2 e4 5. Nh4 g6 6. d3 Nf6 7. dxe4 Nxe4 8. O-O Bg7 9. Nd2 Nf6 10. e4 fxe4 11. Nxe4 Nxe4 12. Bxe4 O-O 13. Qd5+ Kh8 14. Bxg6 hxg6 15. Nxg6+ Kh7 16. Qh5+ Kg8 17. Bg5 Bf6 18. Bxf6 Qxf6 19. Nxf8 Qxf8 20. Rae1 Qf6 21. Re8+ Kg7 22. Qh8+ Kg6 23. Rg8+ 1-0


[Site "https://www.chess.com"]

[Event "Titled Tuesday Blitz April 11 Late 2023"]
[White "Sadhwani, Raunak"]
[Black "Poeta, Caio Medeiros"]
[WhiteFideId "35093487"]
[BlackFideId "2142660"]
[WhiteElo "2631"]
[BlackElo "2191"]
[Result "1-0"]
[Round "03"]
[TimeControl "180+2"]
[Date "2023.04.11"]
[WhiteClock "0:02:59"]
[BlackClock "0:02:50"]

1. Nf3 Nf6 2. b3 b6 3. Bb2 Bb7 4. g3 e6 5. Bg2 Be7 6. O-O O-O 7. d3 c5 8. e4 d5 9. Nbd2 dxe4 10. Ng5 h6 11. Ngxe4 Nxe4 12. Nxe4 Nc6 13. f4 Nd4 14. Kh1 Bf6 15. Nxf6+ Qxf6 16. Bxb7 1-0


[Site "https://www.chess.com"]

[Event "Titled Tuesday Blitz April 11 Late 2023"]
[White "Silva, Caio Henrique Angelico"]
[Black "Firouzja, Alireza"]
[WhiteFideId "22777210"]
[BlackFideId "12573981"]
[WhiteElo "2096"]
[BlackElo "2904"]
[Result "0-1"]
[Round "03"]
[TimeControl "180+2"]
[Date "2023.04.11"]
[WhiteClock "0:00:03"]
[BlackClock "0:01:07"]

1. Nf3 Nf6 2. g3 g6 3. b3 Bg7 4. Bb2 d6 5. d4 O-O 6. Bg2 Nbd7 7. O-O c6 8. c4 Re8 9. Nc3 e5 10. dxe5 dxe5 11. e4 Qc7 12. Qc2 Nf8 13. Rad1 Bg4 14. h3 Bxf3 15. Bxf3 Ne6 16. Ne2 h5 17. c5 a5 18. a3 Nh7 19. Bg2 h4 20. Qc4 Qe7 21. b4 axb4 22. axb4 Rad8 23. f4 Rxd1 24. Rxd1 hxg3 25. f5 Nf4 26. Nxg3 Kh8 27. fxg6 fxg6 28. Ne2 Ng5 29. Nxf4 exf4 30. Bxg7+ Kxg7 31. Qd4+ Kh6 32. e5 f3 33. Qh4+ Kg7 34. Qg4 Qxe5 35. Rd7+ Kg8 36. Bf1 Qe3+ 37. Kh1 Qc1 38. Qc4+ Qxc4 39. Bxc4+ Kh8 40. Rxb7 Re4 41. Bd3 Rd4 42. Bxg6 Rd1+ 43. Kh2 f2 0-1


[Site "https://www.chess.com"]

[Event "Titled Tuesday Blitz April 11 Late 2023"]
[White "Taboas Rodriguez, Daniel"]
[Black "Kramnik, Vladimir"]
[WhiteFideId "2208466"]
[BlackFideId "4101588"]
[WhiteElo "2365"]
[BlackElo "2712"]
[Result "0-1"]
[Round "03"]
[TimeControl "180+2"]
[Date "2023.04.11"]
[WhiteClock "0:00:05"]
[BlackClock "0:00:02"]

1. d4 Nf6 2. Nf3 e6 3. c4 Bb4+ 4. Nbd2 b6 5. a3 Bxd2+ 6. Bxd2 Bb7 7. Bg5 h6 8. Bh4 d6 9. Nd2 g5 10. Bg3 Nh5 11. f3 Nxg3 12. hxg3 Nd7 13. e4 Qf6 14. Nb3 h5 15. Bd3 c5 16. Be2 h4 17. gxh4 gxh4 18. Qd2 Rg8 19. Bf1 cxd4 20. Qxd4 Qg5 21. Qd2 Qg3+ 22. Qf2 Qxf2+ 23. Kxf2 Rh8 24. Be2 Ke7 25. Rh3 Ne5 26. Rah1 Ng6 27. Ke3 e5 28. Nd2 Nf4 29. R3h2 Rag8 30. Bf1 Ng6 31. Nb1 Bc8 32. Nc3 Be6 33. Kf2 Rh5 34. b3 Rg5 35. Nd1 f5 36. exf5 Rxf5 37. Bd3 Rg5 38. Bxg6 R5xg6 39. Ne3 h3 40. g4 e4 41. Rxh3 exf3 42. Rh7+ Kf6 43. R1h6 Rf8 44. Rxg6+ Kxg6 45. Rxa7 Kg5 46. Rb7 Kf4 47. Rxb6 Rh8 48. Nf1 Bxg4 49. Rxd6 Bf5 50. b4 Be4 51. Rf6+ Ke5 52. Rf7 Ra8 53. Ng3 Bd3 54. Rxf3 Bxc4 55. Ne2 Bd5 56. Re3+ Kd6 57. Nc3 Bc4 58. Ke1 Kc6 59. a4 Rb8 60. b5+ Kc5 61. Kd2 Kb4 62. Kc2 Bb3+ 63. Kb2 Bc4 64. Re4 Rd8 0-1


[Site "https://www.chess.com"]

[Event "Titled Tuesday Blitz April 11 Late 2023"]
[White "Martinez Alcantara, Jose Eduardo"]
[Black "Araujo Sanchez, Josue"]
[WhiteFideId "3805662"]
[BlackFideId "6416896"]
[WhiteElo "2711"]
[BlackElo "2420"]
[Result "1-0"]
[Round "03"]
[TimeControl "180+2"]
[Date "2023.04.11"]
[WhiteClock "0:02:13"]
[BlackClock "0:01:17"]

1. e4 c5 2. Nf3 e6 3. c3 Nf6 4. Bd3 Nc6 5. Bc2 d5 6. e5 Nd7 7. d4 cxd4 8. cxd4 f6 9. exf6 Qxf6 10. O-O Bd6 11. Bg5 Qf7 12. Bh4 h6 13. Bg3 Bf4 14. Nc3 a6 15. Re1 Bxg3 16. hxg3 O-O 17. Ba4 b5 18. Bc2 Qh5 19. Rxe6 Nb4 20. Bb3 Nf6 21. Re5 1-0


[Site "https://www.chess.com"]